 Dungeon Crawl Stone Soup version 0.22-a0-614-g34fbaa0 (webtiles) character file.

65 EuclidGuy the Gusty (level 3, -2/26 HPs)
             Began as a Demigod Air Elementalist on July 13, 2018.
             Splashed by a jelly's acid (11 damage)
             ... on level 1 of the Dungeon.
             The game lasted 00:16:38 (2078 turns).

EuclidGuy the Gusty (Demigod Air Elementalist)      Turns: 2078, Time: 00:16:42

Health: -2/26      AC: -6    Str: 11    XL:     3   Next: 66%
Magic:  2/8        EV: 13    Int: 21    God:
Gold:   125        SH:  0    Dex: 16    Spells: 2/6 levels left

rFire    . . .     SeeInvis .   d - +0 hunting sling
rCold    . . .     Gourm    .   (no shield)
rNeg     . . .     Faith    .   a - +0 robe
rPois    .         Spirit   .   (no helmet)
rElec    .         Reflect  .   (no cloak)
rCorr    .         Harm     .   (no gloves)
MR       .....                  (no boots)
Stlth    ++........             (no amulet)
HPRegen  0.08/turn              (no ring)
MPRegen  0.11/turn              (no ring)

@: corroded, very slightly contaminated
A: high mp 1
a: no special abilities


You were on level 1 of the Dungeon.
You were very hungry.

You visited 1 branch of the dungeon, and saw 3 of its levels.

You collected 125 gold pieces.

Inventory:

Hand Weapons
 d - a +0 hunting sling (weapon)
Missiles
 b - 73 stones
 h - 11 sling bullets (quivered)
 k - 21 arrows
 o - 4 large rocks
Armour
 a - a +0 robe (worn)
Jewellery
 g - an uncursed amulet of regeneration {unknown}
Wands
 n - a wand of scattershot (7)
Scrolls
 i - a scroll of random uselessness {unknown}
 m - a scroll of identify {unknown}
Potions
 e - a potion of cancellation {unknown}
 f - 2 potions of brilliance {unknown}
 j - 2 potions of curing
 l - a potion of lignification {unknown}
 q - a potion of heal wounds {unknown}
 r - a potion of might {unknown}
Comestibles
 c - 3 rations


   Skills:
 + Level 2.3 Dodging
 - Level 1.7 Stealth
 + Level 2.2 Spellcasting
 + Level 1.6 Conjurations
 * Level 3.4 Air Magic


You had 2 spell levels left.
You knew the following spells:

 Your Spells              Type           Power        Failure   Level  Hunger
a - Shock                 Conj/Air       ##..         4%          1    #......
b - Static Discharge      Conj/Air       ##......     16%         3    ###....

Your spell library contained the following spells:

 Spells                   Type           Power        Failure   Level  Hunger
 Lightning Bolt           Conj/Air       ##........   80%         5    ######.
 Swiftness                Chrm/Air       #.......     11%         2    ##.....
 Airstrike                Air            ###.......   34%         4    #####..


Dungeon Overview and Level Annotations

Branches:
Dungeon (3/15)


Innate Abilities, Weirdness & Mutations

You have an increased reservoir of magic. (+10% MP)


Message History

You are feeling very hungry.
The jelly hits you.
You are splashed with acid!
The acid burns!
Casting: Shock (safe; 4% risk of failure)
Confirm with . or Enter, or press ? or * to list all spells.
You don't know that spell.
Press: ? - help, v - describe, . - travel A rock wall.
Things that are here:
a club; a hobgoblin skeleton The jelly hits you.
The acid corrodes you!
You are splashed with acid!
The acid burns!
* * * LOW HITPOINT WARNING * * *
It was a potion of curing.
You feel better.
Casting: Shock (safe; 4% risk of failure)
Confirm with . or Enter, or press ? or * to list all spells.
You miscast Static Discharge.
You are very lightly contaminated with residual magic.
You are blasted with air!
The jelly hits you. The acid corrodes you!
You are splashed with acid!
The acid burns!
You die...

#.####.........# #.#
#........####### #.#
######.#.##### #.# #.......#
#######.# ##.......# #.......####
#...[###.# #.########..
##########......#.###.# #.#
#.......##....#.......# #.#
#.###..........@.....## #.#
#.##..#.##......J....# #..
#.#..................# ###.#
##........#......##...# #....
..........##.######...# #.#.#
##)...######## #...# ###...#
...#.##..<..#######..)#####.#...#
.....#.......#...................
...###.......#.................##


You could see a jelly.

Vanquished Creatures
  2 oozes
  4 dart slugs (D:1)
  2 ball pythons (D:1)
  A bat (D:1)
  2 giant cockroaches (D:1)
  4 goblins (D:1)
  6 hobgoblins
  3 jackals (D:1)
  7 frilled lizards
  12 kobolds
  2 rats
45 creatures vanquished.

Vanquished Creatures (others)
  8 toadstools (D:2)
8 creatures vanquished.

Grand Total: 53 creatures vanquished

Notes
Turn   | Place    | Note
-------+----------+-------------------------------------------
     0 | D:1      | EuclidGuy the Demigod Air Elementalist began the quest for the Orb.
     0 | D:1      | Reached XP level 1. HP: 14/14 MP: 5/5
    98 | D:1      | Reached skill level 1 in Conjurations
   194 | D:1      | Reached skill level 3 in Air Magic
   194 | D:1      | Reached XP level 2. HP: 20/20 MP: 1/7
   643 | D:1      | Reached XP level 3. HP: 24/26 MP: 3/8
   792 | D:1      | Learned a level 3 spell: Static Discharge
  1438 | D:2      | Found an ornate altar of the Wu Jian Council.
  2078 | D:1      | Splashed by a jelly's acid

Vault maps used:
D:1:      lemuel_arrival_lava_pool
D:2:      cheibrodos_fertilizer, nicolae_overflow_crystal_walls
D:3:      lemuel_doored_altar, nicolae_overflow_hidden_temple,
          trog_three_pillars_becter

Skill      XL: |  1  2 |
---------------+-------+-----
Conjurations   | 1 |  1.6
Dodging        | 2 |  2.3
Air Magic      | 3 |  3.4
Spellcasting   | 2 |  2.2
Stealth        | |  1.7

Action                   || total
-------------------------++-------
 Fire: Hunting sling     ||     8
 Cast: Shock             ||    81
       Static Discharge  ||     7
  Use: Potion            ||     1
  Eat: Chunk             ||     4
Armor: Robe              ||     4
Dodge: Dodged            ||    44

Table legend:
 A = Spawn XP
 B = Non-spawn XP
 C = Spawn XP percentage of total XP
 D = Spawn monster count
 E = Non-spawn monster count
 F = Spawn count percentage of total count
 G = Total turns spent on level
                    A         B        C        D         E        F      G
               +---------+---------+-------+---------+---------+-------+---------
         Total |       0 |      93 |   0.0 |       0 |      45 |   0.0 |  2078
               +---------+---------+-------+---------+---------+-------+---------
           D:1 |       0 |      67 |   0.0 |       0 |      31 |   0.0 |  1408
           D:2 |       0 |      26 |   0.0 |       0 |      14 |   0.0 |   426
               +---------+---------+-------+---------+---------+-------+---------
